 Dungeon Crawl Stone Soup version 0.28-a0-128-gcbb86046cc (webtiles) character file.

Game seed: 3943621527153118551

412 ClownBaby the Fighter (level 6, -8/75 HPs)
             Began as an Ogre Hunter on Aug 16, 2021.
             Mangled by a hornet zombie (13 damage)
             ... on level 4 of the Dungeon.
             The game lasted 00:10:12 (4047 turns).

ClownBaby the Fighter (Ogre Hunter)                 Turns: 4047, Time: 00:10:12

Health: -8/75      AC:  3    Str: 18 (19) XL:     6   Next: 90%
Magic:  6/6        EV:  9    Int: 11 (12) God:
Gold:   206        SH:  0    Dex:  7 (9)  Spells: 5/5 levels left

rFire   . . .      SeeInvis .   i - +2 dagger (speed)
rCold   . . .      Faith    .   (no shield)
rNeg    . . .      Spirit   .   b - +0 robe
rPois   .          Reflect  .   (helmet restricted)
rElec   .          Harm     .   (no cloak)
rCorr   .          Rampage  .   (gloves unavailable)
Will    .....                   (boots unavailable)
Stlth   +.........              (no amulet)
HPRegen 0.22/turn               (no ring)
MPRegen 0.10/turn               (no ring)

@: no status effects
A: large, unfitting armour, tough skin 1
a: no special abilities


You were on level 4 of the Dungeon.
You visited 1 branch of the dungeon, and saw 4 of its levels.

You collected 206 gold pieces.

Inventory:

Hand Weapons
 h - a +0 whip of electrocution
 i - a +2 dagger of speed (weapon)
Missiles
 g - 35 poisoned darts (quivered)
Armour
 b - a +0 robe (worn)
Scrolls
 a - a scroll of amnesia
 e - a scroll of blinking {unknown}
 k - a scroll of teleportation {unknown}
 l - a scroll of vulnerability {unknown}
 m - a scroll of identify


   Skills:
 - Level 9.3 Fighting
 * Level 4.0 Throwing
 - Level 1.7 Dodging
 - Level 0.6 Stealth


You had 5 spell levels left.
You didn't know any spells.
Your spell library was empty.

Dungeon Overview and Level Annotations

Branches:
Dungeon (4/15)
 Temple: D:4-7

Altars:
Ashenzari


Innate Abilities, Weirdness & Mutations

You are too large for most types of armour.
You have tough skin. (AC +1)


Message History

Press: ? - help, Q - select action, (/) - cycle Shift-Dir - straight line, f/p - hornet zombie
Aim: a hornet zombie (heavily damaged, 64% to hit)
You throw a large rock.
The large rock barely misses the hornet zombie.
The hornet zombie hits you! The hornet zombie hits you. x2
Throw: large rock
Press: ? - help, Q - select action, (/) - cycle Shift-Dir - straight line, f/p - hornet zombie
Aim: a hornet zombie (heavily damaged, 64% to hit)
You throw a large rock.
The large rock closely misses the hornet zombie.
The hornet zombie hits you!
* * * LOW HITPOINT WARNING * * *
The hornet zombie hits you!
* * * LOW HITPOINT WARNING * * *
You aren't carrying any potions.
Unknown command.
Throw: throwing net
Press: ? - help, Q - select action, (/) - cycle Shift-Dir - straight line, f/p - hornet zombie
Aim: a hornet zombie (heavily damaged, 64% to hit)
You throw a throwing net.
The throwing net hits the hornet zombie.
The hornet zombie is caught in the net!
The hornet zombie is heavily damaged.
The hornet zombie struggles against the net.
You hit the hornet zombie but do no damage.
The hornet zombie is heavily damaged.
The hornet zombie struggles against the net.
You catch the helpless hornet zombie completely off-guard!
You hit the hornet zombie but do no damage.
The hornet zombie is heavily damaged.
The hornet zombie struggles against the net.
The net rips apart, and the hornet zombie comes free!
Throw: 36 darts (poison)
Press: ? - help, Q - select action Shift-Dir - straight line, f/p - hornet zombie
Aim: a hornet zombie (heavily damaged, 64% to hit)
You throw a poisoned dart.
The poisoned dart closely misses the hornet zombie.
The hornet zombie hits you but does no damage.
The hornet zombie hits you!
You die...

#.............(.
#............#..
.......####.........#
....... +_#.........#
.......####(........#
....)..#...)..###.#.#
.......#.....## #.#.#
. #.....#Z....# #.#.#
.. #.....#@..###
#.#.###.# #........##
#.#.#... #........#
###.#.#.###
#........#
#..........
##########
#.......g..
#.......Z..
#.<........
#..........
#..........


You could see a hornet zombie.

Vanquished Creatures
  Sigmund (D:3)
  A phantom (D:2)
  Natasha (thrice) (D:3)
  Robin (D:3)
  An adder (D:2)
  A dart slug (D:3)
  6 ball pythons
  6 endoplasms
  7 giant cockroaches
  11 goblins
  5 hobgoblins
  8 jackals
  4 quokkas
  8 bats
  12 frilled lizards
  7 kobolds
  5 rats
87 creatures vanquished.

Vanquished Creatures (collateral kills)
  An orc (D:3)
  A kobold (D:3)
2 creatures vanquished.

Vanquished Creatures (others)
  17 plants
17 creatures vanquished.

Grand Total: 106 creatures vanquished

Notes
Turn   | Place    | Note
-------+----------+-------------------------------------------
     0 | D:1      | ClownBaby the Ogre Hunter began the quest for the Orb.
     0 | D:1      | Reached XP level 1. HP: 22/22 MP: 1/1
    51 | D:1      | Reached skill level 3 in Fighting
   496 | D:1      | Reached XP level 2. HP: 31/31 MP: 2/2
   591 | D:1      | Reached skill level 4 in Fighting
   937 | D:1      | Reached XP level 3. HP: 40/40 MP: 3/3
  1363 | D:2      | Reached skill level 5 in Fighting
  1695 | D:2      | Noticed a phantom
  1702 | D:2      | Killed a phantom
  1703 | D:2      | Reached skill level 6 in Fighting
  1703 | D:2      | Reached XP level 4. HP: 37/53 MP: 4/4
  1703 | D:2      | Reached XP level 5. HP: 43/61 MP: 5/5
  2044 | D:2      | Found a faded altar of an unknown god.
  2122 | D:3      | Noticed Natasha
  2132 | D:3      | Killed Natasha
  2133 | D:3      | Reached skill level 7 in Fighting
  2642 | D:3      | Noticed Sigmund
  2650 | D:3      | Killed Sigmund
  2651 | D:3      | Reached skill level 8 in Fighting
  2651 | D:3      | Reached XP level 6. HP: 71/74 MP: 6/6
  2657 | D:3      | Noticed Natasha
  2673 | D:3      | Killed Natasha
  2674 | D:3      | Reached skill level 9 in Fighting
  2817 | D:3      | Noticed Natasha
  2840 | D:3      | Killed Natasha
  3115 | D:3      | Noticed Robin
  3166 | D:3      | Killed Robin
  3926 | D:4      | Found a broken altar of Ashenzari.
  4047 | D:4      | Mangled by a hornet zombie

Illustrated notes

Levels and vault maps discovered:
D:1:      minmay_arrival_plants_in_alcoves, layout_basic,
          lexackson_kobold_supper
D:2:      layout_basic, hellmonk_ecumenical_altar_inner_sanctum
D:3:      layout_basic, hangedman_decor_points, nrook_loot_triangle,
          minmay_lizard_king, uniq_natasha, uniq_sigmund, uniq_robin
D:4:      layout_basic, ashenzari_conservatory_becter, serial_curves,
          eino_curves_02, eino_curves_04

Skill      XL: |  1  2  3  4  5  6 |
---------------+-------------------+-----
Fighting       | 3 4 6 8 9 |  9.3
Throwing       | |  4.0
Dodging        | |  1.7
Stealth        | |  0.6

Action                   |  1- 3 |  4- 6 || total
-------------------------+-------+-------++-------
Melee: Short sword       |    57 |       ||    57
       Whip              |    26 |       ||    26
       Dagger            |    37 |   189 ||   226
Throw: Large rock        |    15 |    16 ||    31
       Throwing net      |       |     4 ||     4
       Dart              |       |     1 ||     1
  Use: Scroll            |       |     3 ||     3
       Potion            |       |     2 ||     2
 Stab: Held in net/web   |       |     2 ||     2
Armor: Robe              |    52 |    46 ||    98
Dodge: Dodged            |    78 |    64 ||   142

Table legend: (Time is in decaauts)
 A = Elapsed time spent in this place.
 B = Non-inter-level travel time spent in this place.
 C = Inter-level travel time spent in this place.
 D = Time resting spent in this place.
 E = Time spent auto-exploring this place.
 F = Levels seen in this place.
 G = Mean time per level.
                   A        B        C        D        E       F      G
               +--------+--------+--------+--------+--------+-----+--------+
         Total |   4014 |   3902 |    112 |   1376 |   1454 |   4 | 1003.5 |
       Dungeon |   4014 |   3902 |    112 |   1376 |   1454 |   4 | 1003.5 |
               +--------+--------+--------+--------+--------+-----+--------+

Top non-repeatable levels by time:
     D:3: 1778 daAuts
     D:1: 1188 daAuts
     D:2: 924 daAuts
     D:4: 121 daAuts
